 Dungeon Crawl Stone Soup version 0.27.1-34-g3ba077fa99 (webtiles) character file.

Game seed: 6950754079993383230

20 zeram the Covered (level 2, 0/19 HPs)
             Began as a Gargoyle Fighter on Jan 3, 2022.
             Slain by an orc (4 damage)
             ... on level 2 of the Dungeon.
             The game lasted 00:01:12 (1016 turns).

zeram the Covered (Gargoyle Fighter)                Turns: 1016, Time: 00:01:13

Health: 0/19       AC: 10    Str: 19    XL:     2   Next: 79%
Magic:  2/2        EV: 11    Int:  8    God:
Gold:   69         SH:  0    Dex:  9    Spells: 1/1 levels left

rFire    . . .     SeeInvis .   a - +0 flail
rCold    . . .     Faith    .   c - +0 kite shield
rNeg     + . .     Spirit   .   b - +0 scale mail
rPois    ∞         Reflect  .   (no helmet)
rElec    +         Harm     .   (no cloak)
rCorr    +         Rampage  .   e - +0 pair of gloves
Will     .....                  (no boots)
Stlth    ..........             (no amulet)
HPRegen  0.06/turn              h - ring of resist corrosion
MPRegen  0.08/turn              i - +4 ring of evasion

@: confused
A: sickness immunity, AC +2, negative energy resistance 1, electricity
resistance, torment resistance 1, petrification resistance
a: no special abilities


You were on level 2 of the Dungeon.
You visited 1 branch of the dungeon, and saw 2 of its levels.

You collected 69 gold pieces.

Inventory:

Hand Weapons
 a - a +0 flail (weapon)
Armour
 b - a +0 scale mail (worn)
 c - a +0 kite shield (worn)
 e - a +0 pair of gloves (worn)
Jewellery
 h - a ring of resist corrosion (left hand)
 i - a +4 ring of evasion (right hand)
Scrolls
 f - a scroll of identify {unknown}
 j - a scroll of immolation {unknown}
Potions
 d - 2 potions of might
 g - 2 potions of curing {unknown}


   Skills:
 + Level 3.4 Fighting
 + Level 2.4 Maces & Flails
 + Level 3.6 Armour
 + Level 3.5 Shields


You had one spell level left.
You didn't know any spells.
Your spell library was empty.

Dungeon Overview and Level Annotations

Branches:
Dungeon (2/15)

Altars:


Innate Abilities, Weirdness & Mutations

You are immune to sickness and miasma.
Your stone body is resilient. (AC +2)
You are immune to poison.
You resist negative energy. (rN+)
You are resistant to electric shocks. (rElec)
You are resistant to unholy torment.
You are immune to petrification.


Message History

A puff of flame appears from out of thin air!
The puff of flame misses you.
You bump into the rock wall.
Something hits you.
You bump into the rock wall.
Something hits you but does no damage.
You bump into the rock wall.
You hear some strange, mumbled words.
A puff of flame appears from out of thin air!
The puff of flame hits you.
You're too confused to move!
Something hits you but does no damage.
You completely miss something.
You feel less confused. Something hits you but does no damage.
You miss something. Something hits you but does no damage.
Something hits you but does no damage. You block the orc's attack.
You barely miss the orc. You block the orc's attack.
You hear some strange, mumbled words.
You are confused.
The orc barely misses you.
The orc hits you with a +1 dagger of speed.
Something hits you but does no damage.
You hit the orc.
The orc is severely wounded.
The orc barely misses you. Something hits you but does no damage.
The orc barely misses you.
You bump into the rock wall.
You hear some strange, mumbled words.
A magic dart appears from out of thin air!
The magic dart hits you!
* * * LOW HITPOINT WARNING * * *
The orc misses you.
You barely miss the orc.
The orc is severely wounded.
The orc hits you but does no damage. Something hits you but does no damage.
The orc hits you with a +1 dagger of speed.
* * * LOW HITPOINT WARNING * * *
You barely miss the orc.
The orc is severely wounded.
Something hits you but does no damage.
The orc hits you with a +1 dagger of speed.
You die...

. ... ########
.....##### ##......##
.....lo@.## ##........##
#..#####{.###..........#
##...#..........#
###............#
#######).........#
)......<)........#
########).......##
#..........#
#..........#


You could see an orc and a frilled lizard.

Vanquished Creatures
  An orc (D:2)
  3 endoplasms (D:1)
  4 goblins
  A hobgoblin (D:1)
  2 kobolds
  A quokka (D:2)
  A ball python (D:1)
  A bat (D:1)
  A frilled lizard (D:1)
  2 rats (D:1)
17 creatures vanquished.

Notes
Turn   | Place    | Note
-------+----------+-------------------------------------------
     0 | D:1      | zeram the Gargoyle Fighter began the quest for the Orb.
     0 | D:1      | Reached XP level 1. HP: 14/14 MP: 1/1
   318 | D:1      | Reached XP level 2. HP: 5/19 MP: 2/2
   553 | D:1      | Found a faded altar of an unknown god.
  1016 | D:2      | Slain by an orc

Illustrated notes

Levels and vault maps discovered:
D:1:      dpeg_arrival_tiny_f, layout_basic, ebering_ecumenical_altar_mist,
          minmay_pentomino_x2
D:2:      layout_rooms

Action                   || total
-------------------------++-------
Melee: Flail             ||    74
Armor: Scale mail        ||    37
Dodge: Dodged            ||    50
Block: Kite shield       ||    39
